 Dungeon Crawl Stone Soup version 0.30.0-5-g1a98f26d00 (webtiles) character file.

Game seed: 11052211614115390443

25 bmack86 the Shield-Bearer (level 2, 0/27 HPs)
             Began as a Minotaur Fighter on May 8, 2023.
             Slain by Terence
             ... wielding a +0 hand axe
              (4 damage)
             ... on level 2 of the Dungeon.
             The game lasted 00:01:17 (951 turns).

bmack86 the Shield-Bearer (Minotaur Fighter)         Turns: 951, Time: 00:01:18

Health: 0/27       AC:  7    Str: 20    XL:     2   Next: 86%
Magic:  10/10      EV:  9    Int:  5    God:
Gold:   33         SH:  4    Dex:  9    Spells: 1/1 levels left

rFire   . . .        a - +0 war axe
rCold   . . .        c - +0 buckler
rNeg    . . .        b - +0 scale mail
rPois   .            (helmet restricted)
rElec   .            (no cloak)
rCorr   .            (no gloves)
SInv    .            (no boots)
Will    .....        (no amulet) Stlth
                     e - ring of magical power
HPRegen 0.24/turn    (no ring)
MPRegen 0.12/turn

%: no passive effects
@: mighty
A: horns 2, retaliatory headbutt
a: no special abilities


You were on level 2 of the Dungeon.
You visited 1 branch of the dungeon, and saw 2 of its levels.

You collected 33 gold pieces.

Inventory:

Hand Weapons
 a - a +0 war axe (weapon)
Armour
 b - a +0 scale mail (worn)
 c - a +0 buckler (worn)
Jewellery
 e - a ring of magical power (left hand)
Scrolls
 g - a scroll of teleportation
Potions
 d - a potion of might
 h - 2 potions of invisibility


   Skills:
 + Level 3.9 Fighting
 * Level 3.2 Axes
 + Level 3.9 Armour
 + Level 3.9 Shields


You had one spell level left.
You didn't know any spells.
Your spell library contained the following spells:

 Spells                   Type           Power      Damage    Failure   Level
 Animate Dead             Necr           0%         N/A       100%        4
 Borgnjor's Vile Clutch   Necr/Erth      0%         N/A       100%        5
 Death Channel            Necr           0%         N/A       100%        6


Dungeon Overview and Level Annotations

Branches:
Dungeon (2/15)

Altars:

Annotations:
D:2 Natasha, Terence


Innate Abilities, Weirdness & Mutations

You have a pair of horns on your head.
You reflexively headbutt those who attack you in melee.


Message History

You kill the kobold!
You barely miss Terence. Terence barely misses you.
Natasha, Servant of Life and Death comes into view.
Natasha hisses angrily.
Terence hits you with a +0 hand axe.
Things that are here:
a +1 dagger of holy wrath; a kobold corpse Natasha mumbles some strange words.
Natasha's front paws start to glow.
Terence barely misses you. Terence hits you with a +0 hand axe.
Things that are here:
a +1 dagger of holy wrath; a kobold corpse You hit Terence but do no damage.
Terence hits you with a +0 hand axe.
You hit Terence. Your headbutt misses Terence.
Terence is lightly wounded.
You barely miss Natasha. Terence barely misses you. You furiously retaliate!
You headbutt Terence! Natasha barely misses you. Terence barely misses you.
Natasha barely misses you.
You barely miss Terence.
Terence is heavily wounded.
You barely miss Natasha. Terence hits you but does no damage.
Natasha claws you but does no damage.
Unknown command.
You barely miss Terence.
Terence is heavily wounded.
You hit Natasha. Terence hits you with a +0 hand axe.
Natasha closely misses you. Terence hits you with a +0 hand axe.
You barely miss Terence.
Terence is heavily wounded.
You barely miss Natasha.
Natasha howls an incantation.
You feel disoriented. Natasha claws you. Terence screams, "I want your blood!"
Terence barely misses you. Natasha claws you.
* * * LOW HITPOINT WARNING * * *
You feel very mighty all of a sudden. Terence hits you with a +0 hand axe.
You die...

####....## # .
...... .#. # #
#.#..#.###.. ..
#.##.#........ .##
........#.# ...
#.#...#..# ..
#....@h..#.##...
#....@.........#
..........#.#.###..
####.#.........# #
#..#.#.#...#
#............
#..##.##...#.# #...
.. ...# . ##....##
..#


You could see Terence and Natasha.

Vanquished Creatures
  3 ball pythons (D:1)
  A bat (D:1)
  An endoplasm (D:1)
  7 jackals (D:1)
  2 quokkas (D:1)
  A goblin (D:1)
  4 kobolds
  2 rats (D:1)
21 creatures vanquished.

Notes
Turn   | Place    | Note
-------+----------+-------------------------------------------
     0 | D:1      | bmack86 the Minotaur Fighter began the quest for the Orb.
     0 | D:1      | Reached XP level 1. HP: 19/19 MP: 0/0
   353 | D:1      | Reached XP level 2. HP: 27/27 MP: 1/1
   939 | D:2      | Noticed Terence
   943 | D:2      | Noticed Natasha
   951 | D:2      | Slain by Terence

Illustrated notes

Levels and vault maps discovered:
D:1:      spicycebolla_green_bress_n_ham, layout_loops_corners
D:2:      layout_basic, serial_shops, shop, uniq_terence, uniq_natasha

Skill      XL: |  1  2 |
---------------+-------+-----
Axes           | 3 |  3.2
Fighting       | |  3.9
Armour         | |  3.9
Shields        | |  3.9

Action                     || total
---------------------------++-------
  Melee: War axe           ||    39
         Headbutt          ||     2
    Use: Scroll            ||     2
         Potion            ||     1
 Armour: Scale mail        ||    25
  Dodge: Dodged            ||    31
  Block: Buckler           ||     7
